cohdb
Replays
Latest Replays
All Replays
Popular Replays
Top Player Replays
Match Explorer
How It Works
Community
CoH3 Stats
Reddit
Sign in to upload your games and track your stats! →
Sign in with Steam
Match 43816604
Unlisted
Match 43816604
Overview
Messages
Build Orders
End
Selects Italian Combined Arms Battlegroup
Selects Bersaglieri Squad
Bersaglieri Squad
Kradschützen Motorcycle Team
Bersaglieri Squad
Panzerpioneer Squad
Bersaglieri Squad
Construct Light Support Kompanie
Fire Support Elements
Panzerjäger Mechanized Group
Flakvierling Half-track
2.5-tonne Medical Truck
Pak 38 Anti-tank Gun Team
Selects Bersaglieri Bolster
Selects Breda Model 30 Light Machine Guns
Selects Semovente da 75/18 Assault Gun
Flakvierling Half-track
MG34 Team
Construct Panzerarmee Kommand
Kasim-GJW
Barbarossa
0
0
Comments
sign in to comment!
No comments posted yet!